 Dungeon Crawl Stone Soup version 0.22-a0-247-gbddf880 (webtiles) character file.

284 Amnesiac the Charlatan (level 6, -3/36 HPs)
             Began as a Deep Elf Artificer on Feb 25, 2018.
             Slain by Amnesiac's ghost (10 damage)
             ... on level 5 of the Dungeon.
             The game lasted 00:04:51 (1450 turns).

Amnesiac the Charlatan (Deep Elf Artificer)         Turns: 1450, Time: 00:04:52

Health: -3/36      AC:  3    Str: 11      XL:     6   Next: 7%
Magic:  12/12      EV: 12    Int: 16      God:
Gold:   93         SH:  0    Dex: 12 (15) Spells: 5/5 levels left

rFire    . . .     SeeInvis .   a - +0 short sword
rCold    . . .     Gourm    .   (no shield)
rNeg     . . .     Faith    .   b - +0 leather armour
rPois    .         Spirit   .   (no helmet)
rElec    .         Reflect  .   (no cloak)
rCorr    .         Harm     .   (no gloves)
MR       .....                  (no boots)
Stlth    +.........             (no amulet)
HPRegen  0.12/turn              (no ring)
MPRegen  0.13/turn              (no ring)

@: drained
A: no striking features
a: no special abilities


You were on level 5 of the Dungeon.
You were not hungry.

You visited 1 branch of the dungeon, and saw 5 of its levels.

You collected 93 gold pieces.

Inventory:

Hand Weapons
 a - a +0 short sword (weapon)
Missiles
 o - 20 sling bullets
 p - 31 stones (quivered)
Armour
 b - a +0 leather armour (worn)
 k - a +0 cloak
Wands
 c - a wand of flame (5)
 d - a wand of enslavement (13)
Scrolls
 g - a scroll of amnesia {!r}
 h - a scroll of identify {!r}
 i - a scroll of remove curse {!r, unknown}
 j - a scroll of enchant armour {!r, unknown}
 m - a scroll of random uselessness {!r, unknown}
 q - a scroll of noise {!r, unknown}
 r - a scroll of teleportation {!r, unknown}
Potions
 n - a potion of heal wounds {!q, unknown}
 s - 2 potions of might {!q}
Comestibles
 f - a ration
 l - a chunk of flesh


   Skills:
 - Level 2.5(2.0) Fighting
 - Level 1.0(0.5) Short Blades
 - Level 2.5(2.0) Armour
 + Level 2.6(2.1) Dodging
 - Level 1.2(0.7) Stealth
 * Level 5.4(4.9) Evocations


You had 5 spell levels left.
You didn't know any spells.

Dungeon Overview and Level Annotations

Branches:
Dungeon (6/15)
 Temple: D:4-7

Altars:

Annotations:
D:5 Amnesiac's ghost, novice OgFi; Menkaure


Message History

The quasit barely misses you.
The quasit claws you but does no damage.
The quasit claws you.
* * * LOW HITPOINT WARNING * * *
Evoke which item? (* to show all) (? for menu, Esc to quit)
You don't have any such object.
Evoke which item? (* to show all) (? for menu, Esc to quit)
That's the wrong kind of item! (Use * to select it.) Evoke which item? (* to show all) (? for menu, Esc to quit)
(Key replay ran out of keys)
You don't have any such object.
Evoke which item? (* to show all) (? for menu, Esc to quit)
Okay, then.
Unknown command.
Evoke which item? (* to show all) (? for menu, Esc to quit)
Okay, then.
Evoke which item? (* to show all) (? for menu, Esc to quit)
Aiming: Enslavement
Press: ? - help, Shift-Dir - straight line, f/p - quasit
Aim: a quasit (fast, misshapen and mutated, chance to defeat MR: 72%)
The quasit is charmed.
Amnesiac's ghost hits your quasit. What are your orders? t - Shout!
Orders for allies: a - Attack new target. p - Attack previous target. r - Retreat! s - Stop attacking. g - Guard the area. f - Follow me.
Anything else - Cancel.
Guard this area!
Amnesiac's ghost hits your quasit. Amnesiac's ghost hits your quasit!
Your quasit dies!
Found 24 stones.
Amnesiac's ghost makes a sound of rattling chains.
Press: ? - help, v - describe, . - travel A stone staircase leading down.
Unknown command.
Press: ? - help, v - describe, . - travel A stone staircase leading down.
Unknown command.
Unknown command.
Unknown command.
Unknown command.
Unknown command.
Unknown command.
Unknown command.
Really read
h - 2 scrolls labeled OMIALU IGHI {!r}?
As you read the scroll labeled OMIALU IGHI {!r}, it crumbles to dust.
It is a scroll of identify.
s - 2 potions of might {!q}
There is a stone staircase leading down here.
Really read
g - 2 scrolls labeled MEMPABB PUDWOE {!r}?
As you read the scroll labeled MEMPABB PUDWOE {!r}, it crumbles to dust.
It is a scroll of amnesia.
You feel forgetful for a moment.
Okay, then.
Level annotation: Amnesiac's ghost, novice OgFi; Menkaure Welcome back, Amnesiac the Deep Elf Artificer.
Press ? for a list of commands and other information.
Evoke which item? (* to show all) (? for menu, Esc to quit)
Aiming: Enslavement
Press: ? - help, Shift-Dir - straight line, f - Amnesiac's ghost
Aim: Amnesiac's ghost, wielding a weapon of draining (moderately damaged, chance to defeat MR: 37%) Amnesiac's ghost resists with some effort.
Amnesiac's ghost hits you!
You die...

# .# ###.## .....
..#.# ..#.####
........ ..# .......#
#.# ..####.# #.#
######### W## #.# #.#
#..@W...# .# #.# #.#
#.#####.# .#####.###.#
#.# #.#
...........###.#####.#
##.......>...........#
#.#####.#.#########.#
#.# #.#.###.#.###.#
... ..#.##.#.#.##.#
##.M ##.#.....###.#.#


You could see Amnesiac's ghost.

Vanquished Creatures
  A necrophage (D:3)
  An ogre (D:5)
  A scorpion (D:6)
  A jelly (D:5)
  2 adders
  A leopard gecko (D:6)
  3 giant cockroaches
  3 goblins
  A quokka (D:2)
  2 frilled lizards
  5 kobolds
  A quokka zombie (D:5)
  3 rats
25 creatures vanquished.

Vanquished Creatures (others)
  A quasit (D:5)
1 creature vanquished.

Grand Total: 26 creatures vanquished

Notes
Turn   | Place    | Note
-------+----------+-------------------------------------------
     0 | D:1      | Amnesiac the Deep Elf Artificer began the quest for the Orb.
     0 | D:1      | Reached XP level 1. HP: 11/11 MP: 5/5
    54 | D:2      | Reached skill level 1 in Fighting
    54 | D:2      | Reached skill level 1 in Armour
    54 | D:2      | Reached XP level 2. HP: 9/16 MP: 6/6
   949 | D:3      | Noticed a necrophage
  1002 | D:3      | Killed a necrophage
  1002 | D:3      | Reached skill level 4 in Evocations
  1002 | D:3      | Reached XP level 3. HP: 21/21 MP: 6/8
  1002 | D:3      | Reached XP level 4. HP: 26/26 MP: 6/9
  1031 | D:3      | You fall through a shaft for 3 floors!
  1138 | D:6      | Reached XP level 5. HP: 30/30 MP: 10/10
  1161 | D:5      | Entered Level 5 of the Dungeon
  1183 | D:5      | Noticed Menkaure
  1333 | D:5      | Noticed an ogre
  1335 | D:5      | Killed an ogre
  1335 | D:5      | Reached skill level 5 in Evocations
  1337 | D:5      | Reached XP level 6. HP: 31/36 MP: 10/12
  1394 | D:5      | Noticed Amnesiac's ghost (novice OgFi)
  1450 | D:5      | Slain by Amnesiac's ghost

Vault maps used:
D:1:      lemuel_arrival_lava_pool
D:2:      first_ration, minmay_bisected
D:3:      dk_noncrumbling_3, uniq_natasha
D:5:      elyvilon_altar_3, uniq_menkaure

Skill      XL: |  1  2  3  4  5 |
---------------+----------------+-----
Fighting       | 1 2 |  2.5
Armour         | 1 2 |  2.5
Evocations     | 4 5 |  5.4
Short Blades   | |  1.0
Dodging        | |  2.6
Stealth        | |  1.2

Action                   |  1- 3 |  4- 6 || total
-------------------------+-------+-------++-------
Melee: Short sword       |    55 |    23 ||    78
Evoke: Wand              |    10 |    17 ||    27
  Use: Scroll            |       |     2 ||     2
 Stab: Paralysed         |     7 |    11 ||    18
  Eat: Chunk             |       |     2 ||     2
Armor: Leather armour    |     7 |    29 ||    36
Dodge: Dodged            |    23 |    69 ||    92

Table legend:
 A = Spawn XP
 B = Non-spawn XP
 C = Spawn XP percentage of total XP
 D = Spawn monster count
 E = Non-spawn monster count
 F = Spawn count percentage of total count
 G = Total turns spent on level
                    A         B        C        D         E        F      G
               +---------+---------+-------+---------+---------+-------+---------
         Total |       0 |     407 |   0.0 |       0 |      25 |   0.0 |  1450
               +---------+---------+-------+---------+---------+-------+---------
           D:1 |       0 |       3 |   0.0 |       0 |       2 |   0.0 |    50
           D:2 |       0 |      23 |   0.0 |       0 |       8 |   0.0 |   668
           D:3 |       0 |     135 |   0.0 |       0 |       8 |   0.0 |   313
           D:5 |       0 |     175 |   0.0 |       0 |       4 |   0.0 |   183
           D:6 |       0 |      71 |   0.0 |       0 |       3 |   0.0 |   236
               +---------+---------+-------+---------+---------+-------+---------
